 Dungeon Crawl Stone Soup version 0.30-a0-358-g0d69a1922f (webtiles) character file.

Game seed: 2561688761202054256

51 Hnkdwk the Covered (level 3, -1/33 HPs)
             Began as a Minotaur Fighter on Nov 10, 2022.
             Slain by Ijyb
             ... wielding a +0 dagger
              (3 damage)
             ... on level 3 of the Dungeon.
             The game lasted 00:02:04 (1430 turns).

Hnkdwk the Covered (Minotaur Fighter)               Turns: 1430, Time: 00:02:05

Health: -1/33      AC:  7    Str: 22    XL:     3   Next: 58%
Magic:  2/2        EV:  9    Int:  5    God:
Gold:   64         SH:  0    Dex:  9    Spells: 2/2 levels left

rFire   . . .      SeeInvis .    a - +0 war axe
rCold   . . .      Faith    .    c - +0 buckler
rNeg    . . .      Spirit   .    b - +0 scale mail
rPois   .          Reflect  .    (helmet restricted)
rElec   .          Harm     .    (no cloak)
rCorr   .          Rampage  .    (no gloves)
Will    .....                    (no boots)
Stlth   ..........               (no amulet)
HPRegen 0.25/turn                (no ring)
MPRegen 0.08/turn                (no ring)

@: confused, mighty, invisible
A: horns 2, retaliatory headbutt
a: no special abilities


You were on level 3 of the Dungeon.
You visited 1 branch of the dungeon, and saw 3 of its levels.

You collected 64 gold pieces.

Inventory:

Hand Weapons
 a - a +0 war axe (weapon)
Armour
 b - a +0 scale mail (worn)
 c - a +0 buckler (worn)
Scrolls
 i - a scroll of fear
 k - a scroll of butterflies
 l - a scroll of summoning
 n - a scroll of teleportation
Potions
 g - a potion of flight {unknown}
 h - a potion of magic {unknown}
 j - a potion of degeneration {unknown}
 m - a potion of brilliance {unknown}


   Skills:
 + Level 4.2 Fighting
 + Level 3.1 Axes
 + Level 4.2 Armour
 + Level 4.2 Shields


You had 2 spell levels left.
You didn't know any spells.
Your spell library contained the following spells:

 Spells                   Type           Power      Damage    Failure   Level
 Magic Dart               Conj           0%         1d3       87%         1
 Call Imp                 Summ           0%         N/A       95%         2
 Mephitic Cloud           Conj/Pois/Air  0%         N/A       99%         3
 Portal Projectile        Hex/Tloc       0%         N/A       99%         3
 Tukima's Dance           Hex            0%         N/A       99%         3
 Blade Hands              Tmut           0%         N/A       100%        5


Dungeon Overview and Level Annotations

Branches:
Dungeon (3/15)

Altars:

Shops:
D:1 ?

Annotations:
D:3 Ijyb, Sigmund


Innate Abilities, Weirdness & Mutations

You have a pair of horns on your head.
You reflexively headbutt those who attack you in melee.


Message History

Sigmund the Dreaded comes into view.
He is wielding a +0 scythe.
A hobgoblin comes into view.
Ijyb hits you with a +0 dagger. The grasping roots constrict you.
You feel very mighty all of a sudden.
A quokka comes into view.
Ijyb hits you but does no damage. The grasping roots constrict you.
Unknown command.
You hit Ijyb.
Ijyb is heavily wounded.
Sigmund mumbles some strange words.
Sigmund flickers and vanishes!
Deactivating autopickup; reactivate with Ctrl-A.
Ijyb hits you with a +0 dagger. The grasping roots constrict you!
The grasping roots release their grip on you.
You barely miss Ijyb.
Ijyb is heavily wounded.
You hit the quokka. You block the quokka's attack. Ijyb barely misses you.
Unknown command.
You hit Ijyb but do no damage.
Ijyb is heavily wounded.
You hit the quokka.
You kill the quokka!
You hear some strange, mumbled words.
You are confused.
Ijyb hits you with a +0 dagger.
* * * LOW HITPOINT WARNING * * *
You barely miss Ijyb.
Ijyb is heavily wounded.
Ijyb hits you but does no damage.
The quokka bites you but does no damage.
Ijyb hits you with a +0 dagger.
* * * LOW HITPOINT WARNING * * *
Something hits you.
* * * LOW HITPOINT WARNING * * *
It was a potion of invisibility.
You fade into invisibility!
The quokka closely misses you.
The hobgoblin hits you but does no damage.
Ijyb hits you with a +0 dagger.
You die...

#. #.######
##......##
##........##
#.........?#
#..........#
#.........<#
#..........#
#.....g@...#
......gr..##
.#[......{#
.........[..
#............
#.............#
.....).....##.#
.....[...... .#


You could see Ijyb (unable to see you), a quokka (unable to see you) and a
hobgoblin (unable to see you).

Vanquished Creatures
  2 adders (D:2)
  2 worms
  3 bats
  3 endoplasms
  3 giant cockroaches
  3 hobgoblins
  A quokka (D:3)
  5 ball pythons
  A frilled lizard (D:1)
  A rat (D:2)
24 creatures vanquished.

Notes
Turn   | Place    | Note
-------+----------+-------------------------------------------
     0 | D:1      | Hnkdwk the Minotaur Fighter began the quest for the Orb.
     0 | D:1      | Reached XP level 1. HP: 19/19 MP: 0/0
   302 | D:1      | Reached XP level 2. HP: 27/27 MP: 1/1
   543 | D:1      | Found Lisetolu's Magic Scroll Shop.
   642 | D:1      | Found a faded altar of an unknown god.
   813 | D:2      | Reached XP level 3. HP: 33/33 MP: 2/2
  1412 | D:3      | Noticed Ijyb
  1424 | D:3      | Noticed Sigmund
  1430 | D:3      | Slain by Ijyb

Illustrated notes

Levels and vault maps discovered:
D:1:      dpeg_arrival_stone_temple_mockup, layout_loops_corners,
          basic_ecumenical_altar, serial_shops, nicolae_diamond_shop,
          kennysheep_minor_cross, dk_noncrumbling_3, hangedman_decor_growths
D:2:      layout_loops_cross
D:3:      cheibrodos_old_hovel, layout_rooms, palyth_stone_intersect, uniq_ijyb,
          uniq_sigmund

Skill      XL: |  1  2  3 |
---------------+----------+-----
Fighting       | 4 |  4.2
Armour         | 4 |  4.2
Shields        | 4 |  4.2
Axes           | 3 |  3.1

Action                   || total
-------------------------++-------
Melee: War axe           ||    50
       Headbutt          ||     5
  Use: Scroll            ||     5
       Potion            ||     3
Armor: Scale mail        ||    27
Dodge: Dodged            ||    25
Block: Buckler           ||     9

Table legend: (Time is in decaauts)
 A = Elapsed time spent in this place.
 B = Non-inter-level travel time spent in this place.
 C = Inter-level travel time spent in this place.
 D = Time resting spent in this place.
 E = Time spent auto-exploring this place.
 F = Levels seen in this place.
 G = Mean time per level.
                   A        B        C        D        E       F      G
               +--------+--------+--------+--------+--------+-----+--------+
         Total |   1449 |   1413 |     36 |      0 |   1252 |   3 |  483.0 |
       Dungeon |   1449 |   1413 |     36 |      0 |   1252 |   3 |  483.0 |
               +--------+--------+--------+--------+--------+-----+--------+

Top non-repeatable levels by time:
     D:1: 815 daAuts
     D:2: 609 daAuts
     D:3: 25 daAuts
